 Dungeon Crawl Stone Soup version 0.28.0-43-g3370ac3207 (webtiles) character file.

Game seed: 11760964200399402397

2875 croobank the Cleaver (level 9, -4/66 (81) HPs)
             Began as a Hill Orc Fighter on Apr 1, 2022.
             Was a Follower of Beogh.
             Slain by an orc
             ... wielding a +0 trident
              (6 damage)
             ... on level 8 of the Dungeon.
             The game lasted 00:26:54 (8103 turns).

croobank the Cleaver (Hill Orc Fighter)             Turns: 8103, Time: 00:26:55

HP:   -4/66 (81)    AC:  8    Str: 24 (25) XL:     9   Next: 76%
MP:   13/13         EV:  8    Int:  7 (8)  God:    Beogh [*.....]
Gold: 154           SH: 13    Dex:  9 (10) Spells: 8/8 levels left

rFire   + . .      SeeInvis .   a - +0 war axe
rCold   . . .      Faith    .   A - +4 kite shield
rNeg    . . .      Spirit   .   K - +0 scale mail
rPois   .          Reflect  .   (no helmet)
rElec   .          Harm     .   D - -1 cloak of Death Resistance {Fly rF+ Str+2}
rCorr   .          Rampage  .   (no gloves)
Will    .....                   (no boots)
Stlth   ..........              (no amulet)
HPRegen 0.21/turn               (no ring)
MPRegen 0.13/turn               (no ring)

@: flying, heavily drained
A: deterioration 1, wild magic 1
a: Renounce Religion


You were on level 8 of the Dungeon.
You worshipped Beogh.
Beogh was aware of your devotion.
You visited 1 branch of the dungeon, and saw 8 of its levels.

You collected 339 gold pieces.
You spent 185 gold pieces at shops.

Inventory:

Hand Weapons
 a - a +0 war axe (weapon)
 b - the +5 hunting sling "Yritz" {speed, rF+ Will+ Int-4 Stlth+}
   (You found it on level 6 of the Dungeon)

   Attacks with this weapon are significantly faster.
   Int:       It affects your intelligence (-4).
   rF:        It protects you from fire.
   Will:      It increases your willpower.
   Stlth:     It makes you more stealthy.
 d - a +2 battleaxe
 w - a +3 hand axe of electrocution
 F - a +4 quarterstaff of chaos
Missiles
 f - 186 stones
 i - 11 javelins (quivered)
 m - 40 sling bullets
 n - 99 arrows
 s - 13 bolts
 y - 2 throwing nets
Armour
 c - a +0 buckler
 g - a +0 chain mail
 r - a +1 cloak
 A - a +4 kite shield (worn)
 D - the -1 cloak of Death Resistance (worn) {Fly rF+ Str+2}
   (You found it on level 5 of the Dungeon)

   Str:       It affects your strength (+2).
   rF:        It protects you from fire.
   Fly:       It grants you flight.
 K - a +0 scale mail (worn)
Jewellery
 p - a ring of magical power
Wands
 o - a wand of iceblast (11)
 u - a wand of charming (18)
 v - a wand of paralysis (9)
 B - a wand of acid (7)
 E - a wand of polymorph (24)
 I - a wand of flame (19)
Scrolls
 j - a scroll of identify
Potions
 k - 2 potions of invisibility {unknown}
 l - 4 potions of curing
 q - 3 potions of degeneration {unknown}
 t - 2 potions of haste {unknown}
 x - a potion of resistance {unknown}
 z - 2 potions of brilliance {unknown}
 H - a potion of magic {unknown}


   Skills:
 + Level 8.1 Fighting
 + Level 8.4 Axes
 + Level 7.4 Armour
 + Level 7.4 Shields
 + Level 6.3 Invocations


You had 8 spell levels left.
You didn't know any spells.
Your spell library contained the following spells:

 Spells                   Type           Power      Damage    Failure   Level
 Magic Dart               Conj           0%         1d3       97%         1
 Shock                    Conj/Air       0%         1d3       97%         1
 Blink                    Tloc           0%         N/A       99%         2
 Searing Ray              Conj           0%         2d4       99%         2
 Lesser Beckoning         Tloc           0%         N/A       100%        3
 Swiftness                Air            0%         N/A       100%        3
 Airstrike                Air            0%         N/A       100%        4
 Fulminant Prism          Conj/Hex       0%         3d6       100%        4
 Manifold Assault         Tloc           0%         N/A       100%        5


Dungeon Overview and Level Annotations

Branches:
Dungeon (8/15)             Temple (0/1) D:6
   Lair: D:8-11

Altars:
Dithmenos
Fedhas
Nemelex Xobeh
Ru
Wu Jian

Shops:
D:3 (   D:4 *   D:6 *   D:7 !


Innate Abilities, Weirdness & Mutations

Your body sometimes deteriorates upon taking damage.
Your spells are a little harder to cast, but a little more powerful.


Message History

The orc wizard hits you but does no damage.
The orc wizard mumbles some strange words.
The orc wizard flickers and vanishes!
Deactivating autopickup; reactivate with Ctrl-A.
The orc hits you from afar with a +0 trident.
* * * LOW HITPOINT WARNING * * *
The hound barely misses you. You block the orc priest's attack.
You block the orc's attack.
An orc wizard comes into view. It is wielding a +0 dagger.
The orc shouts!
You hear a shout!
The orc wizard hits you but does no damage.
You block the hound's attack. You block the orc's attack.
The orc priest looks braver for a moment.
You block the hound's attack. The wyvern barely misses you.
Aiming: Charm
Press: ? - help, Q - select action, (/) - cycle Shift-Dir - straight line, f/p - orc priest
Aim: an orc priest, wielding a +0 hand axe (heavily wounded, inner flame, chance to affect: 49%)
Okay, then.
Aiming: Corrosive Bolt
Press: ? - help, Q - select action, (/) - cycle Shift-Dir - straight line, p - orc priest You block the wyvern's attack.
You block the hound's attack. You block the orc's attack.
Okay, then.
Throw: 12 javelins
Press: ? - help, Q - select action, (/) - cycle Shift-Dir - straight line, f - orc priest
Aim: an orc priest, wielding a +0 hand axe (heavily wounded, inner flame, 59% to hit)
You throw a javelin.
The javelin pierces through the orc priest.
Flame seeps out of the orc priest.
The orc priest is almost dead.
Flame seeps out of something.
The wyvern barely misses you. The hound barely misses you.
The wyvern bites you.
* * * LOW HITPOINT WARNING * * *
The hound bites you.
* * * LOW HITPOINT WARNING * * *
An orc comes into view. It is wielding a +0 club.
The orc hits you from afar with a +0 trident.
You die...
Beogh appreciates the orc's killing of a heretic priest.

#..........
#.........
#........
#.......# #
#.......#.#...
#......o..o....
#..oo...o.##...
+..hl......#
#..@oo○##.....
#.....## .....
#....## ......
#....# ...#..
#..... ..
#...... #......
........


You could see a wyvern (inner flame), a hound (inner flame), an orc priest
(inner flame), 2 orc wizards and 4 orcs.

Vanquished Creatures
  Pikel (D:5)
  Sigmund (D:3)
  Eustachio (D:5)
  Menkaure (D:4)
  A water moccasin (D:6)
  Duvessa (D:6)
  2 ice beasts (D:6)
  2 necrophages
  2 centaurs
  A bullfrog (D:6)
  A wyvern zombie (D:5)
  2 scorpions
  A gnoll sergeant (D:5)
  Dowan (D:6)
  6 wights
  A howler monkey (D:6)
  A jelly (D:6)
  3 hounds
  Crazy Yiuf (D:5)
  A gnoll shaman (D:6)
  Jessica (D:3)
  4 iguanas
  Ijyb (D:4)
  Terence (D:3)
  Natasha (twice) (D:3)
  A howler monkey zombie (D:4)
  A howler monkey skeleton (D:7)
  7 gnolls
  7 adders
  4 white imps
  An ufetubus (D:4)
  3 worms
  3 dart slugs (D:4)
  10 orcs
  6 ball pythons
  7 endoplasms
  A giant cockroach (D:3)
  4 goblins
  4 hobgoblins
  4 jackals (D:4)
  8 kobolds
  A quokka (D:2)
  7 bats
  A frilled lizard (D:1)
  5 rats
125 creatures vanquished.

Vanquished Creatures (collateral kills)
  A bullfrog skeleton (D:6)
1 creature vanquished.

Vanquished Creatures (others)
  An orc priest (D:4)
  A howler monkey skeleton (D:4)
  2 orcs
  A quokka (D:4)
  3 fungi (D:5)
8 creatures vanquished.

Grand Total: 134 creatures vanquished

Notes
Turn   | Place    | Note
-------+----------+-------------------------------------------
     0 | D:1      | croobank the Hill Orc Fighter began the quest for the Orb.
     0 | D:1      | Reached XP level 1. HP: 19/19 MP: 1/1
   208 | D:1      | Found a faded altar of an unknown god.
   292 | D:1      | Reached XP level 2. HP: 27/27 MP: 2/2
  1260 | D:2      | Reached XP level 3. HP: 21/33 MP: 3/3
  1879 | D:3      | Reached XP level 4. HP: 40/40 MP: 4/4
  2007 | D:3      | Noticed Sigmund
  2009 | D:3      | Noticed Terence
  2017 | D:3      | Killed Sigmund
  2018 | D:3      | Reached skill level 5 in Fighting
  2018 | D:3      | Reached XP level 5. HP: 11/48 MP: 5/5
  2018 | D:3      | Reached XP level 6. HP: 13/56 MP: 6/6
  2020 | D:3      | Killed Terence
  2450 | D:3      | Noticed Jessica
  2454 | D:3      | Killed Jessica
  2657 | D:3      | Noticed Natasha
  2664 | D:3      | Killed Natasha
  2665 | D:3      | Reached skill level 5 in Axes
  2711 | D:3      | Found Moamool's Antique Weapon Emporium.
  2724 | D:3      | Found a sacrificial altar of Ru.
  2736 | D:3      | Noticed Natasha
  2745 | D:3      | Killed Natasha
  2950 | D:4      | Noticed Ijyb
  2958 | D:4      | Killed Ijyb
  2964 | D:4      | Reached skill level 5 in Armour
  2978 | D:4      | Reached skill level 5 in Shields
  2980 | D:4      | Reached XP level 7. HP: 41/61 MP: 7/7
  2982 | D:4      | Found Voypimou's Assorted Antiques.
  3007 | D:4      | Became a worshipper of Beogh the Brigand
  3269 | D:4      | Bought a glowing purple potion for 18 gold pieces
  3269 | D:4      | Bought a scroll labelled DYOM AHUELU for 21 gold pieces
  3269 | D:4      | Bought a scroll labelled ZOOSON DINORE for 21 gold pieces
  3269 | D:4      | Bought a scroll labelled FEPOINL SIUNESOS for 21 gold
                  | pieces
  3661 | D:4      | Noticed Menkaure
  3683 | D:4      | Killed Menkaure
  3684 | D:4      | Reached skill level 1 in Invocations
  4160 | D:5      | Entered Level 5 of the Dungeon
  4172 | D:5      | Found a blossoming altar of Fedhas.
  4362 | D:5      | Found the +8 woodcutter's axe {vorpal}
  4676 | D:5      | Noticed Eustachio
  4762 | D:5      | Killed Eustachio
  4763 | D:5      | Reached XP level 8. HP: 64/71 MP: 8/10
  5176 | D:5      | Noticed Pikel
  5181 | D:5      | Killed Pikel
  5219 | D:5      | Identified the -1 cloak of Death Resistance {Fly rF+ Str+2}
  5411 | D:5      | Found a runed translucent door.
  5412 | D:5      | Noticed Crazy Yiuf
  5419 | D:5      | Killed Crazy Yiuf
  5498 | D:6      | Reached XP level 9. HP: 46/79 MP: 12/12
  5686 | D:6      | Found a staircase to the Ecumenical Temple.
  5707 | D:6      | Reached * piety under Beogh
  5708 | D:6      | Reached skill level 5 in Invocations
  5799 | D:6      | Found a sparkling altar of Nemelex Xobeh.
  5962 | D:6      | Noticed Duvessa
  5962 | D:6      | Noticed Dowan
  5977 | D:6      | Killed Duvessa
  6019 | D:6      | Killed Dowan
  6191 | D:6      | Found Viomeyfa's General Store.
  6204 | D:6      | Gained mutation: You have sharp fingernails. [potion of
                  | mutation]
  6204 | D:6      | Gained mutation: Potions are less effective at restoring
                  | your health. [potion of mutation]
  6205 | D:6      | Lost mutation: You have sharp fingernails. [potion of
                  | mutation]
  6205 | D:6      | Lost mutation: Potions are less effective at restoring your
                  | health. [potion of mutation]
  6205 | D:6      | Gained mutation: Your spells are a little harder to cast,
                  | but a little more powerful. [potion of mutation]
  6205 | D:6      | Gained mutation: Your body sometimes deteriorates upon
                  | taking damage. [potion of mutation]
  6592 | D:6      | Found an ornate altar of the Wu Jian Council.
  6605 | D:6      | Identified the +5 hunting sling "Yritz" {speed, rF+ Will+
                  | Int-4 Stlth+}
  7056 | D:7      | Found Googi's Distillery.
  7059 | D:7      | Bought a potion of heal wounds for 65 gold pieces
  7059 | D:7      | Bought a potion of curing for 39 gold pieces
  7140 | D:7      | Found a shadowy altar of Dithmenos.
  8103 | D:8      | HP: 2/66 [hound (3)]
  8103 | D:8      | Slain by an orc

Illustrated notes

Levels and vault maps discovered:
D:1:      minmay_arrival_split_and_join, layout_loops_ring,
          hellmonk_ecumenical_altar_heavens_door
D:2:      layout_loops_ring
D:3:      layout_rooms, mainiacjoe_overflow_chevrons, serial_shops,
          shop_fountains, uniq_jessica, uniq_sigmund, uniq_natasha, uniq_terence
D:4:      cheibrodos_pilgrimage, layout_rooms, serial_shops, shop,
          uniq_menkaure, uniq_ijyb
D:5:      layout_basic, fedhas_altar_2, minmay_misc_feat_tower, hex_medium,
          serial_park_tiny_1, lightli_minifort, uniq_eustachio, uniq_pikel,
          uniq_crazy_yiuf_cottage
D:6:      layout_layer_cave, nemelex_diamond_rough_becter,
          nicolae_wu_jian_glorious_leap, minmay_temple_entry_mini_moons,
          serial_shops, shop, grunt_ministairs_15, uniq_duvessa
D:7:      layout_gridville, amcnicky_altar_gilded, serial_shops, shop,
          chequers_serial_rivers_micro_b, nicolae_benzene_ring
D:8:      layout_cave_pools, enter_bailey_3, minmay_door_square,
          nicolae_water_bricks

Skill      XL: |  1  2  3  4  5  6  7  8  9 |
---------------+----------------------------+-----
Axes           | 3 4 5 6 7 8 |  8.4
Fighting       | 4 5 6 7 8 |  8.1
Armour         | 4 5 6 7 |  7.4
Shields        | 4 5 6 7 |  7.4
Invocations    | 3 4 6 |  6.3

Action                   |  1- 3 |  4- 6 |  7- 9 || total
-------------------------+-------+-------+-------++-------
Melee: War axe           |    72 |    92 |   169 ||   333
       Hand axe          |       |       |   103 ||   103
 Fire: Hunting sling     |       |       |     5 ||     5
Throw: Javelin           |       |       |     1 ||     1
Invok: Convert to Beogh  |       |       |     1 ||     1
Evoke: Wand              |       |       |     6 ||     6
  Use: Potion            |       |     1 |     5 ||     6
       Scroll            |       |       |    16 ||    16
 Stab: Paralysed         |       |       |     4 ||     4
Armor: Scale mail        |    21 |    46 |   128 ||   195
       Skin              |       |       |     1 ||     1
Dodge: Dodged            |    26 |    50 |   137 ||   213
Block: Buckler           |    19 |    24 |    46 ||    89
       Kite shield       |       |       |   122 ||   122
